 Dungeon Crawl Stone Soup version 0.28-a0-2-g643f2454ad (webtiles) character file.

Game seed: 6786493294465425614

46 dolemite99 the Poker (level 3, 0/31 HPs)
             Began as a Minotaur Fighter on July 23, 2021.
             Was a Believer of Jiyva.
             Succumbed to an adder's poison
             ... on level 3 of the Dungeon.
             The game lasted 00:01:36 (1831 turns).

dolemite99 the Poker (Minotaur Fighter)             Turns: 1831, Time: 00:01:36

Health: 0/31       AC:  6    Str: 21    XL:     3   Next: 44%
Magic:  2/2        EV:  7    Int:  5    God:    Jiyva [**....]
Gold:   49         SH:  9    Dex:  9    Spells: 2/2 levels left

rFire   . . .      SeeInvis .   a - +0 trident
rCold   . . .      Faith    .   c - +0 kite shield
rNeg    . . .      Spirit   .   b - +0 scale mail
rPois   .          Reflect  .   (helmet restricted)
rElec   .          Harm     .   (no cloak)
rCorr   .          Rampage  .   (no gloves)
Will    .....                   (no boots)
Stlth   ..........              (no amulet)
HPRegen 0.10/turn               (no ring)
MPRegen 0.08/turn               (no ring)

@: lethally poisoned (0 -> -4)
A: horns 2, retaliatory headbutt
a: Renounce Religion, Request Jelly


You were on level 3 of the Dungeon.
You worshipped Jiyva.
Jiyva was pleased with you.
You visited 1 branch of the dungeon, and saw 3 of its levels.

You collected 49 gold pieces.

Inventory:

Hand Weapons
 a - a +0 trident (weapon)
 f - a +0 hunting sling
Missiles
 h - 19 bolts
 j - 6 boomerangs
 n - 13 poisoned darts (quivered)
Armour
 b - a +0 scale mail (worn)
 c - a +0 kite shield (worn)
Scrolls
 e - a scroll of brand weapon {unknown}
 g - a scroll of noise {unknown}
 i - a scroll of identify {unknown}
 k - a scroll of immolation {unknown}
 l - a scroll of teleportation {unknown}


   Skills:
 - Level 3.6 Fighting
 + Level 4.1 Polearms
 + Level 1.5 Throwing
 - Level 3.6 Armour
 - Level 3.6 Shields


You had 2 spell levels left.
You didn't know any spells.
Your spell library was empty.

Dungeon Overview and Level Annotations

Branches:
Dungeon (3/15)

Altars:
Jiyva


Innate Abilities, Weirdness & Mutations

You have a pair of horns on your head.
You reflexively headbutt those who attack you in melee.


Message History

The adder bites you. The adder bites you but does no damage.
You block the dart slug's attack. You block the adder's attack.
You closely miss the adder.
You headbutt the adder, but do no damage.
The adder is almost dead.
The adder bites you.
You are poisoned.
The adder poisons you! You block the adder's attack. The adder bites you.
You block the dart slug's attack.
Your shield and scale mail prevent you from hitting the adder.
Your headbutt misses the adder.
The adder is almost dead.
You feel sick. The adder bites you but does no damage.
The adder barely misses you. The adder bites you but does no damage.
The dart slug closely misses you. The adder bites you.
You barely miss the adder. You headbutt the adder.
You kill the adder!
You feel sick. You block the adder's attack. The adder bites you.
* * * LOW HITPOINT WARNING * * *
The dart slug bites you but does no damage.
You closely miss the adder.
You feel sick. The adder bites you.
* * * LOW HITPOINT WARNING * * *
You are lethally poisoned!
The adder poisons you! You block the adder's attack. The dart slug bites you.
* * * LOW HITPOINT WARNING * * *
Your shield prevents you from hitting the adder.
* * * LOW HITPOINT WARNING * * *
You feel very sick. You block the adder's attack.
You block the dart slug's attack.
You aren't carrying any potions.
Your shield prevents you from hitting the adder.
* * * LOW HITPOINT WARNING * * *
You feel sick. The adder bites you but does no damage.
You block the adder's attack. The dart slug launches a dart at you.
The slug dart hits you.
* * * LOW HITPOINT WARNING * * *
You hit the adder.
The adder is moderately wounded.
You die...

........ .....J. .....
###... #### #######
#....# #..# .......
#....# #..####.......
#....#####.#.#........
#.<..##...#.#†S†......
#.......##.#.#@w......
#.......#..####.......
#....##.#..# .......
#....####### #######
#....# ######


You could see an adder and a dart slug.

Vanquished Creatures
  A gnoll (D:3)
  2 adders (D:3)
  3 ball pythons
  A bat (D:1)
  A giant cockroach (D:1)
  2 goblins
  3 hobgoblins
  2 frilled lizards (D:2)
  4 kobolds
19 creatures vanquished.

Vanquished Creatures (others)
  2 jellies
  3 endoplasms
  3 orcs (D:3)
  3 goblins
  A hobgoblin (D:2)
  8 jackals
  2 kobolds
  A quokka (D:2)
  3 ball pythons
  A bat (D:3)
  A rat (D:2)
  18 plants (D:1)
46 creatures vanquished.

Grand Total: 65 creatures vanquished

Notes
Turn   | Place    | Note
-------+----------+-------------------------------------------
     0 | D:1      | dolemite99 the Minotaur Fighter began the quest for the
                  | Orb.
     0 | D:1      | Reached XP level 1. HP: 19/19 MP: 0/0
   131 | D:1      | Found a faded altar of an unknown god.
   160 | D:1      | Reached skill level 3 in Polearms
   165 | D:1      | Became a worshipper of Jiyva Jibiutz the Shapeless
   165 | D:1      | Reached * piety under Jiyva
   315 | D:1      | Reached XP level 2. HP: 26/26 MP: 1/1
  1020 | D:2      | Reached ** piety under Jiyva
  1415 | D:3      | Reached skill level 1 in Throwing
  1421 | D:3      | Reached skill level 4 in Polearms
  1421 | D:3      | Reached XP level 3. HP: 5/31 MP: 2/2
  1830 | D:3      | HP: 1/31 [dart slug/slug dart (1)]
  1831 | D:3      | Succumbed to an adder's poison

Illustrated notes

Levels and vault maps discovered:
D:1:      eino_arrival_druids_welcome, layout_basic,
          hellmonk_ecumenical_altar_pennies_from_heaven
D:2:      layout_loops_corners, minmay_misc_feat_chi
D:3:      layout_rooms, wad_rectangle_vault

Skill      XL: |  1  2 |
---------------+-------+-----
Polearms       | 3 4 |  4.1
Throwing       | 1 |  1.5
Fighting       | |  3.6
Armour         | |  3.6
Shields        | |  3.6

Action                   || total
-------------------------++-------
Melee: Trident           ||    44
       Headbutt          ||     6
Throw: Boomerang         ||     5
Invok: Request Jelly     ||     1
  Use: Potion            ||     2
Armor: Scale mail        ||    27
Dodge: Dodged            ||    17
Block: Kite shield       ||    29

Table legend: (Time is in decaauts)
 A = Elapsed time spent in this place.
 B = Non-inter-level travel time spent in this place.
 C = Inter-level travel time spent in this place.
 D = Time resting spent in this place.
 E = Time spent auto-exploring this place.
 F = Levels seen in this place.
 G = Mean time per level.
                   A        B        C        D        E       F      G
               +--------+--------+--------+--------+--------+-----+--------+
         Total |   1852 |   1773 |     79 |    446 |   1055 |   3 |  617.3 |
       Dungeon |   1852 |   1773 |     79 |    446 |   1055 |   3 |  617.3 |
               +--------+--------+--------+--------+--------+-----+--------+

Top non-repeatable levels by time:
     D:1: 889 daAuts
     D:2: 539 daAuts
     D:3: 423 daAuts
